 Dungeon Crawl Stone Soup version 0.32-a0-314-g526f7d4993 (webtiles) character file.

Game seed: 17022161409403018041

109 AlmostDecent the Covered (level 4, 0/32 (40) HPs)
             Began as a Mountain Dwarf Fighter on Feb 16, 2024.
             Slain by Terence
             ... wielding the +7 Throatcutter {drain, coup de grace}
              (5 damage)
             ... on level 3 of the Dungeon.
             The game lasted 00:03:58 (1701 turns).

AlmostDecent the Covered (Mountain Dwarf Fighter)   Turns: 1701, Time: 00:03:58

HP:   0/32 (40)     AC:  9    Str: 21    XL:     4   Next: 59%
MP:   4/4           EV:  9    Int:  8    God:
Gold: 131           SH:  4    Dex:  9    Spells: 3/3 levels left

rFire   . . .        a - +0 war axe
rCold   . . .        c - +0 buckler
rNeg    . . .        b - +0 scale mail
rPois   .            i - +0 helmet
rElec   .            m - +0 cloak
rCorr   .            (no gloves)
SInv    .            (no boots)
Will    .....        (no amulet) Stlth
                     (no ring)
HPRegen 0.25/turn    (no ring)
MPRegen 0.09/turn

%: no passive effects
@: mighty, heavily drained
A: runic magic, artefact enchanting
a: no special abilities


You were on level 3 of the Dungeon.
You visited 1 branch of the dungeon, and saw 3 of its levels.

You collected 131 gold pieces.

Inventory:

Hand Weapons
 a - a +0 war axe (weapon)
Armour
 b - a +0 scale mail (worn)
 c - a +0 buckler (worn)
 i - a +0 helmet (worn)
 m - a +0 cloak (worn)
Jewellery
 e - a ring of ice
Scrolls
 h - a scroll of silence {unknown}
 k - 2 scrolls of fog {unknown}
 l - a scroll of identify {unknown}
 n - a scroll of teleportation {unknown}
Potions
 f - a potion of heal wounds {unknown}
 g - 3 potions of curing {unknown}
 j - a potion of attraction {unknown}


   Skills:
 + Level 3.7 Fighting
 * Level 4.1 Axes
 + Level 4.1 Armour
 + Level 0.4 Dodging
 + Level 3.8 Shields


You had 3 spell levels left.
You didn't know any spells.
Your spell library was empty.

Dungeon Overview and Level Annotations

Branches:
Dungeon (3/15)

Altars:

Annotations:
D:3 Terence


Innate Abilities, Weirdness & Mutations

Your spellcasting is much less encumbered by armour.
You can use scrolls of enchantment on lesser artefacts.


Message History

You slash the endoplasm!
You kill the endoplasm!
Terence shouts, "ATTACK!!!"
You hit Terence.
Terence is lightly wounded.
Terence hits you with the +7 Throatcutter {drain, coup de grace}.
You feel drained.
You hit Terence but do no damage.
Terence is lightly wounded.
You block Terence's attack.
Terence hits you with the +7 Throatcutter {drain, coup de grace}!
You feel drained.
You hit Terence.
Terence is heavily wounded.
Terence barely misses you.
You barely miss Terence.
Terence is heavily wounded.
Terence hits you with the +7 Throatcutter {drain, coup de grace}!
You feel drained.
You are too injured to fight recklessly!
You are too injured to fight recklessly!
You feel very mighty all of a sudden.
Terence hits you with the +7 Throatcutter {drain, coup de grace}.
You feel drained.
You barely miss Terence.
Terence is heavily wounded.
Terence closely misses you.
Terence hits you with the +7 Throatcutter {drain, coup de grace}!
* * * LOW HITPOINT WARNING * * *
You feel drained.
You closely miss Terence.
Terence is heavily wounded.
Terence bares his teeth.
Terence completely misses you.
You closely miss Terence.
Terence is moderately wounded.
Terence hits you but does no damage.
You feel drained.
Terence hits you with the +7 Throatcutter {drain, coup de grace}.
You die...
Terence says, "That felt goooood."

#........
###########........
#>.#...............
######....## #........
........#..# #........
.####..@#..#####........
#..@#.....##........
#...#.###...........
#...#.# ####........
#...#.# ##.......
....#.# #.......
###..#.# ##......% .....
#........ ## #........


You could see Terence.

Vanquished Creatures
  3 adders
  A dart slug (D:1)
  A ribbon worm (D:2)
  3 endoplasms
  5 giant cockroaches
  7 goblins
  A hobgoblin (D:2)
  5 jackals (D:2)
  8 kobolds
  2 ball pythons
  A bat (D:2)
  3 frilled lizards (D:2)
  4 rats
44 creatures vanquished.

Notes
Turn   | Place    | Note
-------+----------+-------------------------------------------
     0 | D:1      | AlmostDecent the Mountain Dwarf Fighter began the quest for
                  | the Orb.
     0 | D:1      | Reached XP level 1. HP: 19/19 MP: 1/1
   422 | D:1      | Reached XP level 2. HP: 26/26 MP: 2/2
   729 | D:2      | Reached XP level 3. HP: 31/31 MP: 3/3
  1055 | D:2      | Reached XP level 4. HP: 37/38 MP: 4/4
  1565 | D:2      | Found a faded altar of an unknown god.
  1690 | D:3      | Noticed Terence
  1701 | D:3      | Slain by Terence

Illustrated notes

Levels and vault maps discovered:
D:1:      psy_arrival_spokes, layout_loops_ring, dreamdust_mushroom_princess
D:2:      layout_basic, shapermc_ecumenical_altar_mp_vishouse
D:3:      layout_basic, mainiacjoe_overflow_alcove_2, serial_shops,
          shop_fountains, uniq_terence

Skill      XL: |  1  2  3  4 |
---------------+-------------+-----
Axes           | 3 4 |  4.1
Armour         | 4 |  4.1
Fighting       | |  3.7
Dodging        | |  0.4
Shields        | |  3.8

Action                     |  1- 3 |  4- 6 || total
---------------------------+-------+-------++-------
  Melee: War axe           |    81 |    35 ||   116
    Use: Potion            |       |     1 ||     1
   Stab: Distracted        |       |     1 ||     1
 Armour: Scale mail        |    71 |    29 ||   100
  Dodge: Dodged            |    46 |    14 ||    60
  Block: Buckler           |    20 |     6 ||    26

Table legend: (Time is in decaauts)
 A = Elapsed time spent in this place.
 B = Non-inter-level travel time spent in this place.
 C = Inter-level travel time spent in this place.
 D = Time resting spent in this place.
 E = Time spent auto-exploring this place.
 F = Levels seen in this place.
 G = Mean time per level.
                   A        B        C        D        E       F      G
               +--------+--------+--------+--------+--------+-----+--------+
         Total |   1743 |   1729 |     14 |      0 |   1418 |   3 |  581.0 |
       Dungeon |   1743 |   1729 |     14 |      0 |   1418 |   3 |  581.0 |
               +--------+--------+--------+--------+--------+-----+--------+

Top non-repeatable levels by time:
     D:2: 949 daAuts
     D:1: 727 daAuts
     D:3: 66 daAuts
